 Dungeon Crawl Stone Soup version 0.31-a0-968-g24f9ace8b5 (webtiles) character file.

Game seed: 12613511027383405324

672 Dordric the Magician (level 7, -1/46 HPs)
             Began as a Mummy Necromancer on Oct 28, 2023.
             Slain by an ogre
             ... wielding a +0 giant spiked club
              (29 damage)
             ... on level 5 of the Dungeon.
             The game lasted 00:07:12 (4354 turns).

Dordric the Magician (Mummy Necromancer)            Turns: 4354, Time: 00:07:13

Health: -1/46      AC:  8    Str: 11    XL:     7   Next: 32%
Magic:  11/17      EV: 12    Int: 26    God:
Gold:   217        SH:  0    Dex: 13    Spells: 15/20 levels left

rFire   x . .        h - +1 rapier (venom)
rCold   + . .        (no shield)
rNeg    + + +        j - +4 toga "Victory" {*Victory Int+4 Slay+4 Clar}
rPois   ∞            (no helmet)
rElec   .            (no cloak)
rCorr   .            r - +0 pair of gloves
SInv    .            m - +0 pair of boots
Will    .....        o - amulet of magic regeneration
Stlth   ++           p - ring of wizardry
HPRegen 0.27/turn    q - +6 ring of intelligence
MPRegen 0.55/turn

%: clarity, faith, wizardry (x1)
@: animating dead
A: cold resistance 1, negative energy resistance 3, torment resistance 2, heat
vulnerability 1, in touch with death 1, no potions, faith
a: no special abilities


You were on level 5 of the Dungeon.
You visited 1 branch of the dungeon, and saw 5 of its levels.

You collected 217 gold pieces.

Inventory:

Hand Weapons
 h - a +1 rapier of venom (weapon)
Armour
 a - a +0 robe
 j - the +4 toga "Victory" (worn) {*Victory Int+4 Slay+4 Clar}
   (You found it on level 2 of the Dungeon)

   *Victory:  When the wearer kills a threatening monster, it has a chance to
   gain +1 AC, +1 Slay, and +1 Int, capping at +7.
   When the wearer uses a scroll or a potion with a hostile monster in sight,
   its bonuses reset to +0.
   Unequipping it also resets its bonuses to +0.
   Int+4:     It affects your intelligence (+4).
   Slay+4:    It affects your accuracy & damage with ranged weapons and melee
   (+4).
   Clar:      It protects you from confusion, rage, mesmerisation and fear.
 m - a +0 pair of boots (worn)
 r - a +0 pair of gloves (worn)
Jewellery
 i - a ring of ice
 o - an amulet of magic regeneration (around neck)
 p - a ring of wizardry (left hand)
 q - a +6 ring of intelligence (right hand)
 s - an amulet of regeneration
Scrolls
 b - a scroll of summoning {unknown}
 c - 5 scrolls of identify {unknown}
 d - 3 scrolls of fear {unknown}
 e - 3 scrolls of teleportation {unknown}
 f - 3 scrolls of fog {unknown}
 g - a scroll of enchant armour {unknown}
 k - a scroll of immolation {unknown}
 l - a scroll of torment {unknown}
 n - a scroll of enchant weapon {unknown}


   Skills:
 - Level 1.5 Dodging
 - Level 1.5 Stealth
 + Level 7.3 Spellcasting
 + Level 7.0 Necromancy


You had 15 spell levels left.
You knew the following spells:

 Your Spells              Type           Power      Damage    Failure   Level
a - Necrotise             Necr           100%       1d9       1%          1
b - Animate Dead          Necr           62%        N/A       1%          4

Your spell library contained the following spells:

 Spells                   Type           Power      Damage    Failure   Level
 Vampiric Draining        Necr           62%        2d10      1%          3
 Apportation              Tloc           18%        N/A       2%          1
 Summon Small Mammal      Summ           36%        N/A       2%          1
 Agony                    Necr           62%        N/A       4%          5


Dungeon Overview and Level Annotations

Branches:
Dungeon (5/15)
 Temple: D:4-7

Altars:
Ashenzari
Gozag
Makhleb
Nemelex Xobeh
Okawaru

Shops:
D:1 [   D:2 [   D:3 *

Annotations:
D:3 2 transporters, Gormless's ghost, amateur OpWn


Innate Abilities, Weirdness & Mutations

You are immune to poison.
Your flesh is cold resistant. (rC+)
You are immune to negative energy. (rN+++)
You are immune to unholy pain and torment.
You are vulnerable to heat. (rF-)
You are in touch with the powers of death.
You do not drink.
You have a special connection with the divine. (Faith)


Message History

You swap places.
You see here a clear potion.
An ogre comes into view. It is wielding a +0 giant spiked club.
You can't see any susceptible monsters within range! (Use Z to cast anyway.) No target in view!
You can't see any susceptible monsters within range! (Use Z to cast anyway.)
You can't see any susceptible monsters within range! (Use Z to cast anyway.)
You can't see any susceptible monsters within range! (Use Z to cast anyway.)
You can't see any susceptible monsters within range! (Use Z to cast anyway.)
The ogre hits your iguana zombie with a +0 giant spiked club!
Your iguana zombie bites the ogre.
Your iguana zombie bites the ogre!
The ogre hits your iguana zombie with a +0 giant spiked club!
Your iguana zombie is destroyed!
Your howler monkey zombie hits the ogre but does no damage.
The ogre hits your howler monkey zombie with a +0 giant spiked club!!
Your howler monkey zombie is destroyed!
The ogre hits your adder zombie with a +0 giant spiked club!!
Your adder zombie is destroyed!
The ogre barely misses your sky beast zombie.
Your sky beast zombie hits the ogre but does no damage.
You can't see any susceptible monsters within range! (Use Z to cast anyway.)
The ogre hits your sky beast zombie with a +0 giant spiked club!!
Your sky beast zombie hits the ogre.
Your sky beast zombie closely misses the ogre.
The ogre hits your sky beast zombie with a +0 giant spiked club!!
Your sky beast zombie is destroyed!
Unknown command.
Casting: Necrotise (safe; 1% risk of failure)
Confirm with . or Enter, or press ? or * to list all spells.
You feel a surge of power!
You call upon the dead to rise.
You feel a surge of power!
The ogre writhes in agony.
You feel a surge of power!
The ogre barely resists.
The ogre barely misses you.
You feel a surge of power!
The ogre writhes in agony.
You feel a surge of power!
The ogre writhes in agony.
The ogre hits you with a +0 giant spiked club!!
You feel a surge of power!
The ogre writhes in agony.
The ogre hits you with a +0 giant spiked club!!
Ouch! That really hurt!
You die...

#.# ### ##.## #.. .....
######## #.#
#..####......###.#
#.#.#.#.####.!##.#
.........# ##...@#
#.......## ##.O###
....>....# #....#
#.......## ###.##....#
........Z###...###.....
#.......#..............
.=...............##.##.
#.#[#.#.#..>.....# #
##.#############.)..


You could see an ogre.

Vanquished Creatures
  A water moccasin (D:5)
  A sky beast (D:5)
  2 scorpions
  A howler monkey (D:5)
  2 hounds (D:4)
  2 iguanas (D:5)
  An iron imp (D:3)
  8 adders
  A gnoll (D:1)
  A white imp (D:5)
  3 worms
  2 dart slugs
  3 orcs
  8 ball pythons
  9 endoplasms
  4 giant cockroaches
  6 goblins
  7 hobgoblins
  2 jackals (D:2)
  3 quokkas
  5 bats
  3 frilled lizards
  3 kobolds
  9 rats
87 creatures vanquished.

Vanquished Creatures (collateral kills)
  A dart slug (D:2)
  A jackal (D:2)
  2 rats (D:1)
4 creatures vanquished.

Vanquished Creatures (others)
  A sky beast zombie (D:5)
  A howler monkey zombie (D:5)
  An adder zombie (D:5)
  An iguana zombie (D:5)
  A giant cockroach zombie (D:3)
5 creatures vanquished.

Grand Total: 96 creatures vanquished

Notes
Turn   | Place    | Note
-------+----------+-------------------------------------------
     0 | D:1      | Dordric the Mummy Necromancer began the quest for the Orb.
     0 | D:1      | Reached XP level 1. HP: 13/13 MP: 4/4
   125 | D:1      | Reached XP level 2. HP: 12/19 MP: 0/6
   775 | D:1      | Reached XP level 3. HP: 24/24 MP: 4/8
   861 | D:1      | Found Itseen's Antique Armour Emporium.
  1282 | D:2      | Reached XP level 4. HP: 25/30 MP: 1/10
  1370 | D:2      | Found Naxkeip's Antique Armour Boutique.
  1412 | D:2      | Found a broken altar of Ashenzari.
  1422 | D:2      | You fall into a shaft and drop 1 floor!
  1469 | D:2      | Found the +0 toga "Victory" {*Victory Clar}
  1683 | D:2      | Reached skill level 5 in Necromancy
  2068 | D:3      | Noticed a scorpion
  2078 | D:3      | Killed a scorpion
  2079 | D:3      | Reached skill level 5 in Spellcasting
  2079 | D:3      | Reached XP level 5. HP: 29/35 MP: 4/12
  2084 | D:3      | Learned a level 4 spell: Animate Dead
  2415 | D:3      | Found an opulent altar of Gozag.
  2516 | D:3      | Found Disane's Assorted Antiques.
  2526 | D:3      | Identified the +8 great mace of Lest {freeze, Will+ rCorr
                  | MP-9}
  2526 | D:3      | Noticed an ogre
  2528 | D:3      | Noticed Gormless's ghost (amateur OpWn)
  2529 | D:3      | Noticed an ogre
  2594 | D:3      | Found an iron altar of Okawaru.
  2917 | D:3      | Found a transporter.
  3011 | D:3      | Found a transporter.
  3046 | D:3      | Found a burning altar of Makhleb.
  3111 | D:4      | Reached XP level 6. HP: 41/41 MP: 10/14
  3240 | D:4      | Found a sparkling altar of Nemelex Xobeh.
  3619 | D:4      | Found a broken altar of Ashenzari.
  4203 | D:5      | Entered Level 5 of the Dungeon
  4203 | D:5      | Noticed a water moccasin
  4211 | D:5      | Killed a water moccasin
  4227 | D:5      | Noticed a sky beast
  4230 | D:5      | Reached XP level 7. HP: 46/46 MP: 10/17
  4354 | D:5      | Slain by an ogre

Illustrated notes

Levels and vault maps discovered:
D:1:      giann_bridges, layout_loops_ring, serial_shops, shop,
          kennysheep_pointless_box, roderic_serpentine_path
D:2:      layout_basic, serial_shops, shop, basic_altar, grunt_ministairs_3
D:3:      layout_basic, demons_altar, grunt_gozag_statues, okawaru_gym_becter,
          serial_shops, nicolae_shop_overgrown_old_shop, gammafunk_ghost_smash,
          wad_floor_pattern_1, minmay_pentangle
D:4:      layout_loops_corners, nemelex_spade_bored_becter,
          cheibrodos_ashenzari_chains
D:5:      layout_rooms, worldfamousw_hep_ancestral_shrine,
          kennysheep_flooded_box, st_stairs_4, uniq_blork_the_orc

Skill      XL: |  1  2  3  4  5  6  7 |
---------------+----------------------+-----
Spellcasting   | 3 4 5 6 7 |  7.3
Necromancy     | 5 6 7 |  7.0
Dodging        | |  1.5
Stealth        | |  1.5

Action                     |  1- 3 |  4- 6 |  7- 9 || total
---------------------------+-------+-------+-------++-------
  Melee: Unarmed           |     2 |       |       ||     2
         Rapier            |       |    33 |     8 ||    41
   Cast: Necrotise         |    56 |   106 |    13 ||   175
         Animate Dead      |       |     6 |     1 ||     7
 Armour: Robe              |    11 |    26 |     6 ||    43
  Dodge: Dodged            |    26 |    45 |     5 ||    76

Table legend: (Time is in decaauts)
 A = Elapsed time spent in this place.
 B = Non-inter-level travel time spent in this place.
 C = Inter-level travel time spent in this place.
 D = Time resting spent in this place.
 E = Time spent auto-exploring this place.
 F = Levels seen in this place.
 G = Mean time per level.
                   A        B        C        D        E       F      G
               +--------+--------+--------+--------+--------+-----+--------+
         Total |   4359 |   4183 |    176 |      8 |   3517 |   5 |  871.8 |
       Dungeon |   4359 |   4183 |    176 |      8 |   3517 |   5 |  871.8 |
               +--------+--------+--------+--------+--------+-----+--------+

Top non-repeatable levels by time:
     D:1: 1106 daAuts
     D:4: 1099 daAuts
     D:3: 1084 daAuts
     D:2: 918 daAuts
     D:5: 152 daAuts
